 Dungeon Crawl Stone Soup version 0.30.0-30-g96aa6591b8 (webtiles) character file.

Game seed: 7905224934088047726

2165 operon the Chopper (level 9, -2/85 HPs)
             Began as a Troll Berserker on June 24, 2023.
             Was a Priest of Trog.
             Slain by a seven-headed hydra (14 damage)
             ... on level 7 of the Dungeon on June 30, 2023.
             The game lasted 00:42:14 (6569 turns).

operon the Chopper (Troll Berserker)                Turns: 6569, Time: 00:42:15

Health: -2/85      AC:  5    Str: 31    XL:     9   Next: 10%
Magic:  8/8        EV: 11    Int:  3    God:    Trog [***...]
Gold:   293        SH:  5    Dex: 11    Spells: 8/8 levels left

rFire   + . .        n - +5 war axe (flame)
rCold   . . .        (no shield)
rNeg    . . .        b - +1 animal skin
rPois   .            (helmet restricted)
rElec   .            (no cloak)
rCorr   .            (gloves unavailable)
SInv    .            (boots unavailable)
Will    +....        g - amulet of reflection
Stlth   +++          k - ring of protection from fire
HPRegen 1.14/turn    H - ring of willpower
MPRegen 0.11/turn

%: reflection
@: weakened
A: large, unfitting armour, claws 3, regeneration 1, shaggy fur 1, tough skin 1,
thin skeletal structure 1, MP-powered wands
a: Renounce Religion, Berserk, Trog's Hand


You were on level 7 of the Dungeon.
You worshipped Trog.
Trog was most pleased with you.
You visited 1 branch of the dungeon, and saw 7 of its levels.

You collected 300 gold pieces.
You spent 7 gold pieces at shops.

Inventory:

Hand Weapons
 d - a +2 short sword of freezing
 i - a +2 short sword of venom
 n - a +5 war axe of flaming (weapon)
 x - a +0 long sword
 F - a +0 falchion
Missiles
 c - 62 stones (quivered)
 e - 4 javelins
 u - a throwing net
 y - 2 large rocks
 G - 2 boomerangs
Armour
 b - a +1 animal skin (worn)
 I - the +6 leather armour of Eternal Night {Fly Dex+3 SInv Stlth+}
   (You found it on level 4 of the Dungeon)

   Dex:       It affects your dexterity (+3).
   SInv:      It lets you see invisible.
   Fly:       It grants you flight.
   Stlth:     It makes you more stealthy.
Jewellery
 a - a +5 ring of evasion
 g - an amulet of reflection (around neck)
 k - a ring of protection from fire (left claw)
 q - a ring of flight
 H - a ring of willpower (right claw)
Wands
 m - a wand of polymorph (2)
Scrolls
 l - 4 scrolls of identify
 p - 3 scrolls of teleportation
 t - 2 scrolls of poison
Potions
 f - 4 potions of curing
 h - 3 potions of degeneration
 j - 3 potions of mutation
 o - 2 potions of attraction {unknown}
 v - 2 potions of cancellation
 w - 2 potions of magic
 z - 3 potions of might {unknown}
 D - a potion of heal wounds
 E - 3 potions of flight


   Skills:
 + Level 4.4 Fighting
 + Level 3.2 Short Blades
 * Level 6.1(6.5) Axes
 - Level 3.2(5.4) Maces & Flails
 + Level 0.4 Throwing
 + Level 5.0 Dodging
 + Level 1.5 Stealth
 + Level 2.4 Shields


You had 8 spell levels left.
You didn't know any spells.
Your spell library contained the following spells:

 Spells                   Type           Power      Damage    Failure   Level
 Ignite Poison            Fire/Tmut/Pois 0%         N/A       88%         3
 Sticky Flame             Conj/Fire      0%         2d3       99%         4
 Ignition                 Fire           0%         3d3       100%        8


Dungeon Overview and Level Annotations

Branches:
Dungeon (7/15)
 Temple: D:4-7

Altars:
Ashenzari
Dithmenos
Makhleb
Uskayaw

Shops:
D:2 (   D:6 [


Innate Abilities, Weirdness & Mutations

You are too large for most types of armour.
You have claws for hands.
Your natural rate of healing is unusually fast.
You are covered in fur. (AC +1)
You have tough skin. (AC +1)
You have a somewhat thin skeletal structure. (Dex +2, Stealth+)
You expend magic power (3 MP) to strengthen your wands.


Message History

The seven-headed hydra bites you. x2
The seven-headed hydra barely misses you.
The water moccasin bites the plant!
You see here 2 sapphire potions.
o - 2 sapphire potions The water moccasin bites the plant!
The seven-headed hydra closely misses you.
The seven-headed hydra bites you!
You block the seven-headed hydra's attack.
The seven-headed hydra barely misses you.
The seven-headed hydra bites you but does no damage.
The seven-headed hydra bites you. x2
The ogre hits the plant with a +0 giant club!
The centaur hits the plant.
The centaur kicks the plant.
The orc hits the plant with a +0 dagger.
The plant begins to die.
Something bites the plant!!
Something claws the plant. x2
The gnoll bouda hits the plant with a +0 club.
A nearby plant withers and dies.
The hound splashes around in the water.
The water moccasin bites the plant.
The centaur hits the plant.
The centaur kicks the plant.
The hound splashes around in the water.
The gnoll bouda hits the plant with a +0 club.
The ogre hits the plant with a +0 giant club!
Something hits the plant.
Something kicks the plant.
Something hits the plant.
Something kicks the plant.
Something hits the plant.
The gnoll bouda gazes fiercely through you!
You feel your attacks grow feeble.
There is an open door here.
A nearby plant withers and dies. x2; The hound bites the plant.
Something hits the plant.
Something bites the plant.
Something claws the plant.
Something claws the plant!
The seven-headed hydra attacks as you move away!
The seven-headed hydra bites you. The seven-headed hydra bites you! x2
* * * LOW HITPOINT WARNING * * *
The seven-headed hydra bites you but does no damage.
The seven-headed hydra bites you.
* * * LOW HITPOINT WARNING * * *
The seven-headed hydra bites you.
* * * LOW HITPOINT WARNING * * *
The seven-headed hydra bites you!
You die...

♣....)....♣ ###
♣..♣♣♣♣.♣♣♣♣..♣ ....
♣...≈...♣ .... #
♣..♣♣♣♣.♣♣♣♣..♣ .... #.
♣.........♣ .... ##.[
#####♣.♣##### .... #..=.
♣♣...........♣♣ ....
#...g.#♣.###########.♣#....
#.P~hToz.D@......))'..# ...
#..cPO#♣S###########.♣# ..
#..$o ♣♣.. ........♣♣ ##.K
####♣.♣##### #. #


You could see a seven-headed hydra, a troll, a water moccasin, an ogre, a
centaur, a gnoll bouda, a hound, a wight and an orc.

Vanquished Creatures
  Sigmund (D:2)
  Eustachio (D:6)
  2 water moccasins (D:6)
  An orc warrior (D:6)
  2 sky beasts (D:7)
  A black bear (D:7)
  2 centaurs (D:7)
  2 phantoms
  A kobold brigand (D:7)
  2 bullfrogs
  A killer bee (D:7)
  2 howler monkeys (D:6)
  3 hounds
  2 jellies (D:2)
  A sleepcap (D:5)
  A gnoll bouda (D:7)
  Jessica (D:2)
  2 iguanas (D:3)
  5 orc wizards
  7 gnolls
  6 adders
  A shadow imp (D:6)
  2 ufetubi (D:5)
  5 worms
  3 dart slugs
  15 orcs
  12 endoplasms
  A giant cockroach (D:1)
  5 hobgoblins
  4 jackals (D:5)
  3 quokkas
  11 ball pythons
  5 bats
  3 frilled lizards
  5 goblins
  16 kobolds
  5 rats
142 creatures vanquished.

Notes
Turn   | Place    | Note
-------+----------+-------------------------------------------
     0 | D:1      | operon the Troll Berserker began the quest for the Orb.
     0 | D:1      | Reached XP level 1. HP: 22/22 MP: 0/0
   114 | D:1      | Reached XP level 2. HP: 27/29 MP: 1/1
   356 | D:2      | Reached XP level 3. HP: 34/36 MP: 2/2
   371 | D:2      | Reached ** piety under Trog
   452 | D:2      | Noticed Jessica
   453 | D:2      | Found Nyxtean's Weapon Boutique.
   463 | D:2      | Killed Jessica
   526 | D:2      | Bought 7 stones for 7 gold pieces
   542 | D:2      | Reached XP level 4. HP: 44/44 MP: 3/3
   813 | D:2      | Reached skill level 1 in Short Blades
   842 | D:2      | Reached XP level 5. HP: 20/53 MP: 4/4
   944 | D:2      | Noticed Sigmund
  1248 | D:3      | Noticed a +0 hand axe
  1248 | D:3      | Noticed a +0 hand axe
  1253 | D:3      | Found a hide-covered altar of Uskayaw.
  1606 | D:4      | Reached skill level 1 in Shields
  1618 | D:4      | Upgraded the game from 0.30.0-29-ga12c61a403 to
                  | 0.30.0-30-g96aa6591b8
  1834 | D:4      | Noticed a phantom
  1878 | D:4      | Killed a phantom
  1879 | D:4      | Reached XP level 6. HP: 40/61 MP: 5/5
  2539 | D:4      | Identified the +6 leather armour of Eternal Night {Fly
                  | Dex+3 SInv Stlth+}
  2964 | D:5      | Entered Level 5 of the Dungeon
  3039 | D:5      | Reached XP level 7. HP: 63/67 MP: 6/6
  3062 | D:5      | Reached skill level 1 in Axes
  3316 | D:2      | Killed Sigmund
  3317 | D:2      | Reached skill level 2 in Axes
  3529 | D:5      | Gained mutation: You have a somewhat thin skeletal
                  | structure. (Dex +2, Stealth+) [potion of mutation]
  3529 | D:5      | Gained mutation: You expend magic power (3 MP) to
                  | strengthen your wands. [potion of mutation]
  5211 | D:6      | Reached XP level 8. HP: 78/78 MP: 7/7
  5238 | D:6      | Found a broken altar of Ashenzari.
  5251 | D:6      | Found a shadowy altar of Dithmenos.
  5282 | D:6      | Reached skill level 3 in Axes
  5282 | D:6      | Reached skill level 1 in Stealth
  5314 | D:6      | Noticed Eustachio
  5348 | D:6      | Killed Eustachio
  5450 | D:6      | Found Duwocisa's Antique Armour Shoppe.
  5589 | D:6      | Reached skill level 4 in Axes
  6213 | D:7      | Reached *** piety under Trog
  6217 | D:7      | Reached skill level 5 in Axes
  6356 | D:7      | Found a burning altar of Makhleb.
  6466 | D:7      | Reached skill level 5 in Dodging
  6502 | D:7      | Reached XP level 9. HP: 56/85 MP: 8/8
  6529 | D:7      | Reached skill level 6 in Axes
  6558 | D:7      | Noticed a troll
  6558 | D:7      | Noticed a troll
  6559 | D:7      | Noticed a seven-headed hydra
  6559 | D:7      | Noticed a kobold demonologist
  6569 | D:7      | Slain by a seven-headed hydra

Illustrated notes

Levels and vault maps discovered:
D:1:      mainiacjoe_arrival_reflecting_pool, layout_loops_cross, fountainhead,
          kennysheep_pointless_box
D:2:      cheibrodos_fertilizer, layout_basic, serial_shops, shop,
          minmay_ruptured, uniq_sigmund, uniq_jessica
D:3:      layout_rooms, dancing_weapons_uskayaw, minmay_misc_feat_square,
          serial_bayou_pond_e
D:4:      layout_gridville
D:5:      layout_layer_cave
D:6:      layout_basic, mainiacjoe_overflow_big_doors, serial_shops,
          nicolae_shop_waterfront, roderic_lattice_a,
          nicolae_concentric_dashed_squares_mild, uniq_eustachio
D:7:      nzn_winding_woodlands_three_and_one [nzn_winding_woodlands_5x15_eye,
          nzn_winding_woodlands_5x15_longhouse,
          nzn_winding_woodlands_5x15_sidewinder,
          nzn_winding_woodlands_center_garden], layout_basic,
          mainiacjoe_overflow_surrounded_room, temple_doors_cd

Skill      XL: |  1  2  3  4  5  6  7  8  9 |
---------------+----------------------------+-----
Maces & Flails | 3 |  3.2
Dodging        | 3 4 5 |  5.0
Fighting       | 3 4 |  4.4
Short Blades   | 1 2 3 |  3.2
Shields        | 1 2 |  2.4
Axes           | 2 5 6 |  6.1
Stealth        | 1 |  1.5
Throwing       | |  0.4

Action                     |  1- 3 |  4- 6 |  7- 9 || total
---------------------------+-------+-------+-------++-------
  Melee: Mace              |    15 |       |       ||    15
         Short sword       |    80 |   234 |       ||   314
         Punch             |       |     3 |       ||     3
         War axe           |       |    35 |   132 ||   167
  Throw: Javelin           |     1 |       |     1 ||     2
         Stone             |       |       |     4 ||     4
 Invoke: Trog's Hand       |       |     6 |     1 ||     7
         Berserk           |       |       |     1 ||     1
    Use: Scroll            |     1 |     4 |     9 ||    14
         Potion            |       |     3 |     3 ||     6
   Stab: Sleeping          |       |       |     3 ||     3
 Armour: Animal skin       |    27 |    87 |    60 ||   174
  Dodge: Dodged            |    36 |   133 |    98 ||   267
  Block: Other             |    13 |    52 |    46 ||   111
         Reflection        |       |     3 |     1 ||     4
